 Dungeon Crawl Stone Soup version 0.17-a0-1842-gacc33f2 (webtiles) character file.

587 shakdrar the Shield-Bearer (level 7, 0/64 HPs)
             Began as a Deep Dwarf Fighter on Sept 17, 2015.
             Was an Initiate of the Shining One.
             Slain by a sky beast (3 damage)
             ... on level 5 of the Dungeon.
             The game lasted 00:11:37 (3489 turns).

shakdrar the Shield-Bearer (Deep Dwarf Fighter)     Turns: 3489, Time: 00:11:37

Health: 0/64       AC:  8    Str: 21    XL:     7   Next: 15%
Magic:  7/7        EV:  7    Int:  9    God:    the Shining One [......]
Gold:   292        SH: 10    Dex: 12    Spells: 0 memorised, 6 levels left

rFire  . . .     SeeInvis .     a - +0 flail
rCold  . . .     Clarity  .     b - +0 scale mail
rNeg   . . .     SustAt   .     c - +0 shield
rPois  +         Gourm    .     l - +0 helmet
rElec  .         Spirit   .     (no cloak)
rCorr  +         Warding  .     (no gloves)
rMut   .         Stasis   .     (no boots)
MR     ++...                    C - amulet of resist corrosion
Stlth  ..........               u - ring of poison resistance
                                t - ring of protection from magic

@: very slightly contaminated, non-regenerating, hasted (expiring), very quick,
very resistant to hostile enchantments, extremely unstealthy
A: damage resistance, recharge devices, sense surroundings 1, slow healing 3
a: Device Recharging, Renounce Religion


You were on level 5 of the Dungeon.
You worshipped the Shining One.
The Shining One was noncommittal.
You were hungry.

You visited 2 branches of the dungeon, and saw 6 of its levels.

You collected 292 gold pieces.

Inventory:

Hand weapons
 a - a +0 flail (weapon)
Armour
 b - a +0 scale mail (worn)
 c - a +0 shield (worn)
 l - a +0 helmet (worn)
Jewellery
 t - a ring of protection from magic (left hand)
 u - a ring of poison resistance (right hand)
 w - a +4 ring of evasion {unknown}
 C - an amulet of resist corrosion (around neck)
 E - a cursed ring of loudness {unknown}
Magical devices
 e - a wand of heal wounds (0)
Scrolls
 g - 3 scrolls of teleportation
 i - 2 scrolls of enchant weapon {unknown}
 m - 2 scrolls of random uselessness {unknown}
 o - a scroll of fear {unknown}
 p - a scroll of magic mapping {unknown}
 r - 2 scrolls of identify
 x - 4 scrolls of recharging {unknown}
 y - a scroll of blinking {unknown}
 D - a scroll of noise {unknown}
 F - a scroll of amnesia {unknown}
Potions
 d - a potion of might
 h - 2 potions of lignification
 j - 2 potions of brilliance
 z - a potion of flight {unknown}
 A - a potion of resistance {unknown}
 B - a potion of curing {unknown}
Comestibles
 f - 4 bread rations
 k - 2 meat rations
 q - a beef jerky
 v - a slice of pizza


   Skills:
 + Level 4.1 Fighting
 * Level 5.0 Maces & Flails
 + Level 5.0 Armour
 + Level 5.0 Shields


You had 6 spell levels left.
You didn't know any spells.

Dungeon Overview and Level Annotations

Branches:
Dungeon (5/15)             Temple (1/1) D:5

Altars:
Dithmenos
Elyvilon
Gozag
Nemelex Xobeh
Qazlal
Ru
Sif Muna
Trog
Vehumet
Xom
Yredelemnul
Zin
The Shining One


Innate Abilities, Weirdness & Mutations

You are resistant to damage.
You can recharge devices by infusing magical energy.
You passively map a small area around you.
You do not heal naturally.


Message History

Something hits you but does no damage.
Your shield prevents you from hitting something.
Something hits you but does no damage.
You closely miss something. Something hits you but does no damage.
You hit something. You block its attack.
You miss something. You closely miss something.
Something hits you but does no damage.
You miss something. Something hits you. Something shocks you.
* * * LOW HITPOINT WARNING * * *
You miss something. Something hits you.
* * * LOW HITPOINT WARNING * * *
Something shocks you.
* * * LOW HITPOINT WARNING * * *
Your shield prevents you from hitting something.
Your extra speed is starting to run out.
Something hits you but does no damage.
You hit something but do no damage. Something hits you but does no damage.
You miss something. You hit something but do no damage. Something hits you.
You die...

#....#.#########..#..
# ##......# ##..... #
#.......####
*##.#.#####
#..........#*
.#.##... ##....#..#.
, , , ......##
#....##..##* * .....
#....###.# * ##..
###......#### * #., *
#.......{@.# , #,
##......##.....# ,
###.##.......##
##...##..###.....
#..##....# #####
#..#...##.# * , *
#.#.(.## .# * , ...
.#P.. .. , , ,
#.#.,.≈≈≈≈≈ , ,,


There were no monsters in sight!

Vanquished Creatures
  A sky beast (D:5)
  A scorpion (D:4)
  A water moccasin skeleton (D:5)
  4 killer bees (D:5)
  An orc priest (D:3)
  An orc wizard (D:4)
  2 iguanas
  A worker ant (D:4)
  An ooze (D:2)
  4 worms
  3 giant geckos
  5 orcs
  A bat (D:2)
  2 giant cockroaches (D:1)
  5 goblins
  11 hobgoblins
  5 jackals
  4 kobolds
  4 ball pythons
  5 giant newts
  A jackal skeleton (D:5)
  5 rats
68 creatures vanquished.

Vanquished Creatures (others)
  4 toadstools (D:1)
4 creatures vanquished.

Grand Total: 72 creatures vanquished

Notes
Turn   | Place    | Note
--------------------------------------------------------------
     0 | D:1      | shakdrar the Deep Dwarf Fighter began the quest for the Orb.
     0 | D:1      | Reached XP level 1. HP: 20/20 MP: 1/1
   290 | D:1      | Reached XP level 2. HP: 21/27 MP: 2/2
   897 | D:2      | Found an opulent altar of Gozag.
  1184 | D:2      | Found a faded altar to an unknown god.
  1307 | D:2      | Found a sparkling altar of Nemelex Xobeh.
  1348 | D:2      | Reached XP level 3. HP: 19/34 MP: 3/3
  2020 | D:3      | Reached XP level 4. HP: 32/42 MP: 4/4
  2481 | D:4      | Reached skill level 4 in Armour
  2481 | D:4      | Reached XP level 5. HP: 10/49 MP: 5/5
  2970 | D:4      | Found a glowing silver altar of Zin.
  2970 | D:4      | Noticed an angel
  3095 | D:5      | Entered Level 5 of the Dungeon
  3124 | D:5      | Found a staircase to the Ecumenical Temple.
  3132 | Temple   | Entered the Ecumenical Temple
  3183 | Temple   | Became a worshipper of the Shining One
  3230 | D:5      | Reached XP level 6. HP: 30/57 MP: 6/6
  3377 | D:5      | Noticed a sky beast
  3397 | D:5      | Killed a sky beast
  3397 | D:5      | Reached skill level 5 in Maces & Flails
  3397 | D:5      | Reached skill level 5 in Shields
  3397 | D:5      | Reached XP level 7. HP: 23/64 MP: 7/7
  3429 | D:5      | Noticed a sky beast
  3459 | D:5      | Reached skill level 5 in Armour
  3485 | D:5      | HP: 3/64 [something (5)]
  3489 | D:5      | Slain by a sky beast

Vault maps used:
D:1:      ldierk_walled_garden_2
D:2:      nicolae_gozag_cash_rules_everything_around_me, ecumenical_altar_1,
          minivault_25, nemelex_deck
D:4:      zin_angel, first_bread
D:5:      minmay_temple_entry_butterflies, serial_bayou_pond_b
Temple:   eino_temple_water_12

Action                   |  1- 3 |  4- 6 |  7- 9 || total
-------------------------+-------+-------+-------++-------
Melee: Flail             |   112 |   191 |    48 ||   351
Evoke: Wand              |     1 |     4 |       ||     5
  Use: Scroll            |       |     4 |       ||     4
       Potion            |       |     2 |     2 ||     4
  Eat: Chunk             |     4 |     3 |       ||     7
       Pizza             |       |     1 |       ||     1
